 Dungeon Crawl Stone Soup version 0.29-a0-330-g52719c12eb (webtiles) character file.

Game seed: 1467482319900776668

49 kae the Firebug (level 3, -3/20 HPs)
             Began as a Tengu Fire Elementalist on Apr 14, 2022.
             Succumbed to an adder's poison
             ... on level 2 of the Dungeon.
             The game lasted 00:00:35 (1918 turns).

kae the Firebug (Tengu Fire Elementalist)           Turns: 1918, Time: 00:00:36

Health: -3/20      AC:  2    Str:  8    XL:     3   Next: 75%
Magic:  2/7        EV: 12    Int: 17    God:
Gold:   76         SH:  0    Dex: 14    Spells: 5/6 levels left

rFire   . . .      SeeInvis .   f - +0 dagger (venom)
rCold   . . .      Faith    .   (no shield)
rNeg    . . .      Spirit   .   a - +0 robe
rPois   .          Reflect  .   (helmet restricted)
rElec   .          Harm     .   (no cloak)
rCorr   .          Rampage  .   (no gloves)
Will    .....                   (boots unavailable)
Stlth   ++........              (no amulet)
HPRegen 0.06/turn               (no ring)
MPRegen 0.10/turn               (no ring)

@: lethally poisoned (-3 -> -19), very slightly contaminated
A: beak, talons 3
a: no special abilities


You were on level 2 of the Dungeon.
You visited 1 branch of the dungeon, and saw 2 of its levels.

You collected 76 gold pieces.

Inventory:

Hand Weapons
 f - a +0 dagger of venom (weapon)
Armour
 a - a +0 robe (worn)
Scrolls
 d - a scroll of enchant weapon {unknown}
Potions
 b - a potion of magic
 c - a potion of flight
 e - a potion of curing {unknown}
 h - a potion of brilliance
 i - a potion of attraction
 j - a potion of haste


   Skills:
 + Level 1.1 Fighting
 + Level 2.6 Dodging
 - Level 2.0 Stealth
 + Level 2.3 Spellcasting
 + Level 2.2 Conjurations
 * Level 3.9 Fire Magic


You had 5 spell levels left.
You knew the following spells:

 Your Spells              Type           Power      Damage    Failure   Level
a - Foxfire               Conj/Fire      48%        2x1d6     5%          1

Your spell library contained the following spells:

 Spells                   Type           Power      Damage    Failure   Level
 Scorch                   Fire           30%        2d7       6%          2
 Conjure Flame            Conj/Fire      12%        6-21      16%         3
 Inner Flame              Hex/Fire       8%         N/A       26%         3
 Flame Wave               Conj/Fire      12%        2d6       45%         4
 Summon Ice Beast         Ice/Summ       1%         N/A       88%         4
 Summon Mana Viper        Hex/Summ       1%         N/A       99%         5
 Monstrous Menagerie      Summ           0%         N/A       100%        7


Dungeon Overview and Level Annotations

Branches:
Dungeon (2/15)

Altars:


Innate Abilities, Weirdness & Mutations

You have a beak for a mouth.
You have claws for feet.


Message History

The adder closely misses you.
The giant cockroach bites you but does no damage.
There are monsters nearby!
Casting: Foxfire (safe; 5% risk of failure)
Confirm with . or Enter, or press ? or * to list all spells.
You conjure some foxfire!
The adder closely misses you. The giant cockroach bites you.
The giant cockroach bites you but does no damage.
The foxfire hits the giant cockroach.
The giant cockroach is severely wounded.
The foxfire hits the giant cockroach but does no damage.
The giant cockroach is severely wounded.
The adder bites you but does no damage. The giant cockroach closely misses you.
The giant cockroach bites you. The adder bites you.
You are poisoned.
The adder poisons you!
There are monsters nearby!
Casting: Foxfire (safe; 5% risk of failure)
Confirm with . or Enter, or press ? or * to list all spells.
You conjure some foxfire!
You feel sick. The giant cockroach closely misses you.
The giant cockroach bites you but does no damage.
The adder bites you.
You are lethally poisoned!
The adder poisons you! The giant cockroach bites you.
* * * LOW HITPOINT WARNING * * *
The giant cockroach closely misses you.
* * * LOW HITPOINT WARNING * * *
You feel sick.
The foxfire hits the giant cockroach.
You kill the giant cockroach!
The foxfire hits the adder.
The adder is severely wounded.
The adder bites you.
* * * LOW HITPOINT WARNING * * *
You are more poisoned.
The adder poisons you! The giant cockroach closely misses you.
Casting: Foxfire (safe; 5% risk of failure)
Confirm with . or Enter, or press ? or * to list all spells.
You conjure some foxfire!
You die...

##........^.####......
#.........##†........#
#...#..##...P.P....P.#
## #..######..##..###
#..#######.##.†#
#.......##.##.####
#.......##.##.....
#vv...........###.
#@......##......#.
#...BS†...............
#.......!..#####.######
#..........## #..#
#...?......# ##.# ###
#).........# ##.###..
#..........# ##.......
#..........# ##........
#.........


You could see an adder (ally target) and a giant cockroach (ally target).

Vanquished Creatures
  An adder (D:2)
  3 dart slugs (D:1)
  A bat (D:1)
  7 endoplasms
  5 giant cockroaches
  2 goblins (D:1)
  2 hobgoblins (D:1)
  3 ball pythons
  4 frilled lizards
  A kobold (D:2)
  2 rats (D:1)
31 creatures vanquished.

Vanquished Creatures (collateral kills)
  4 foxfires (D:2)
4 creatures vanquished.

Vanquished Creatures (others)
  120 foxfires
120 creatures vanquished.

Grand Total: 155 creatures vanquished

Notes
Turn   | Place    | Note
-------+----------+-------------------------------------------
     0 | D:1      | kae the Tengu Fire Elementalist began the quest for the
                  | Orb.
     0 | D:1      | Reached XP level 1. HP: 10/10 MP: 4/4
   381 | D:1      | Reached XP level 2. HP: 15/15 MP: 3/6
   943 | D:1      | Reached XP level 3. HP: 20/20 MP: 3/7
  1504 | D:2      | Reached skill level 1 in Fighting
  1896 | D:2      | Found a faded altar of an unknown god.
  1917 | D:2      | HP: 1/20 [adder (3)]
  1918 | D:2      | Succumbed to an adder's poison

Illustrated notes

Levels and vault maps discovered:
D:1:      minmay_arrival_radiant_lines, layout_basic, minmay_surrounded
D:2:      layout_rooms, shapermc_ecumenical_altar_mp_ritualfount

Skill      XL: |  1  2  3 |
---------------+----------+-----
Conjurations   | 2 |  2.2
Fighting       | 1 |  1.1
Dodging        | |  2.6
Stealth        | |  2.0
Spellcasting   | |  2.3
Fire Magic     | |  3.9

Action                   || total
-------------------------++-------
Melee: Unarmed           ||     2
       Kick              ||     3
       Dagger            ||     7
       Peck              ||     1
 Cast: Foxfire           ||    73
  Use: Scroll            ||     6
Armor: Robe              ||     7
Dodge: Dodged            ||    29

Table legend: (Time is in decaauts)
 A = Elapsed time spent in this place.
 B = Non-inter-level travel time spent in this place.
 C = Inter-level travel time spent in this place.
 D = Time resting spent in this place.
 E = Time spent auto-exploring this place.
 F = Levels seen in this place.
 G = Mean time per level.
                   A        B        C        D        E       F      G
               +--------+--------+--------+--------+--------+-----+--------+
         Total |   1917 |   1899 |     18 |    168 |   1485 |   2 |  958.5 |
       Dungeon |   1917 |   1899 |     18 |    168 |   1485 |   2 |  958.5 |
               +--------+--------+--------+--------+--------+-----+--------+

Top non-repeatable levels by time:
     D:1: 1470 daAuts
     D:2: 446 daAuts
